Cogmind - Beta 12 X1 @@@ ROGUE MODE // 2022.08.11 @ 14:36:34 Player: Momo Result: Destroyed by G-34 Mercenary with Small Laser Performance ------------- Evolutions (1) 500 Regions Visited (4) 800 Robots Destroyed (27) 135 Value Destroyed (560) 560 Prototype IDs (4) 80 Alien Tech Used (0) 0 Bonus (47) 47 TOTAL SCORE: 2122 Bonus ------- Follower Combat Kills 47 Cogmind --------- Core Integrity 0/400 Matter 264/300 Energy 98/100 System Corruption 0% Temperature Cool (12) Movement Core (50) Location -9/Storage Parts ------- > --- POWER (1) -------- (None) > --- PROPULSION (4) --- (None) > --- UTILITY (2) ------ Signal Interpreter > --- WEAPON (2) ------- (None) > --- INVENTORY (5) ---- Medium Storage Unit High-capacity Storage Unit High-capacity Matter Pod (138) Improved Targeting Computer Peak State ------------ > --- POWER ------------ Light Nuclear Core > --- PROPULSION ------- Armored Wheel Armored Wheel > --- UTILITY ---------- Small Storage Unit Targeting Computer > --- WEAPON ----------- Medium Laser Assault Rifle > --- INVENTORY -------- Light Ion Engine High-capacity Storage Unit Huge Storage Unit Particle Cannon Light Assault Rifle Mining Laser Mining Laser [Rating: 11] Favorites ----------- Power Ion Engine Engine Ion Engine Power Core Light Nuclear Core Propulsion Armored Wheel Leg Aluminum Leg Wheel Armored Wheel Flight Unit VTOL Module Utility Small Storage Unit Device Drone Bay Storage Small Storage Unit Processor Targeting Computer Weapon Assault Rifle Energy Gun Medium Laser Energy Cannon Particle Cannon Ballistic Gun Assault Rifle Special Weapon Mining Laser Build | -11 -10 -10 -9 -9 ------- Run | Scr Mat Min Mat Sto Slots Evolved 2 | . . . 2 . Power . | . . . . . Propulsion 2 | . . . 2 . Utility . | . . . . . Weapon . | . . . . . Parts Attached 21 | 6 3 4 7 1 Power 3 | 1 . 1 1 . Engine 2 | 1 . . 1 . Core 1 | . . 1 . . Reactor . | . . . . . Propulsion 8 | 2 2 1 3 . Treads . | . . . . . Leg 1 | . . . 1 . Wheel 6 | 2 2 1 1 . Hover . | . . . . . Flight 1 | . . . 1 . Utility 4 | 1 1 . 1 1 Device 1 | . . . . 1 Storage 1 | 1 . . . . Processor 2 | . 1 . 1 . Hackware . | . . . . . Protection . | . . . . . Artifact . | . . . . . Weapon 6 | 2 . 2 2 . Energy Gun 1 | 1 . . . . Energy Cannon 1 | . . 1 . . Ballistic Gun 3 | 1 . 1 1 . Ballistic Cannon . | . . . . . Launcher . | . . . . . Special Weapon 1 | . . . 1 . Impact Weapon . | . . . . . Slashing Weapon . | . . . . . Piercing Weapon . | . . . . . Special Melee Weapon . | . . . . . Unidentified Prototypes . | . . . . . Parts Lost 14 | . . 3 11 . Power 1 | . . . 1 . Propulsion 6 | . . 1 5 . Utility 1 | . . . 1 . Weapon 6 | . . 2 4 . Highest Loss Streak 10 | . . 2 10 . To Critical Strikes . | . . . . . Average Slot Usage (%) 85 | . 96 97 75 13 Engine 5 | . 14 2 . . Core 4 | . . 11 2 . Wheel 25 | . 28 28 25 . Flight 1 | . . . 4 . Storage 12 | . 14 14 10 . Processor 11 | . 10 14 9 11 Energy Gun 6 | . 14 5 . . Energy Cannon 4 | . . 5 9 . Ballistic Gun 12 | . 14 14 10 . Naked Turns 11 | . . . 11 . Heaviest Build 15 | 14 14 15 15 6 Greatest Support 32 | 26 26 24 32 3 Greatest Overweight (x) 1 | . 1 . . 1 Average Overweight (x) . | . . . . . Largest Inventory Capacity 8 | 8 8 8 8 5 Average Capacity 7 | 6 8 8 7 5 Most Carried 8 | . 5 8 8 4 Average Carried 4 | . 1 6 7 4 Final Capacity 8 | 8 8 8 5 5 Final Carried 7 | . 5 7 4 4 Class Distribution -------------------- 100% | Mutant Dominant Class ---------------- Mutant | -10/Materials Mutant | -10/Mines Mutant | -9/Materials Mutant | -9/Storage Resources | -11 -10 -10 -9 -9 ----------- Run | Scr Mat Min Mat Sto Matter Collected 676 | 260 132 117 167 . Remotely . | . . . . . Salvage Created 838 | . 204 232 402 . Parts 51 | . 13 13 25 . Haulers Intercepted . | . . . . . Recyclers Shooed 3 | . . 1 2 . Parts Field Recycled . | . . . . . Retrieved Matter . | . . . . . Parts Self-Destructed . | . . . . . Prevented . | . . . . . Kills | -11 -10 -10 -9 -9 ------- Run | Scr Mat Min Mat Sto Combat Hostiles Destroyed 30 | . 9 12 9 . Guns 19 | . 9 9 1 . Cannons 11 | . . 3 8 . Classes Destroyed 6 | . 2 1 3 . Recycler 1 | . . . 1 . Watcher 1 | . . . 1 . Swarmer 14 | . 6 5 3 . Grunt 10 | . 3 2 5 . Sentry 1 | . . . 1 . Assembled 5 | . . 5 . . Best Kill Streak 4 | . 3 3 4 . Combat Bots Only 4 | . 3 3 4 . Max Kills in Single Turn 1 | . 1 1 1 . Gunslinging . | . . . . . Exploded . | . . . . . Melee . | . . . . . Uniques/NPCs Destroyed . | . . . . . Combat | -11 -10 -10 -9 -9 -------- Run | Scr Mat Min Mat Sto Damage Taken 1608 | . 388 256 833 131 Core 549 | . 121 18 279 131 Absorbed by Shields . | . . . . . Core Remaining (%) 72 | 100 . 44 . . Volleys Fired 105 | . 34 33 38 . Largest 2 | . 2 2 2 . Hottest 100 | . 70 88 100 . Shots Fired 198 | . 68 59 71 . Gun 156 | . 68 50 38 . Cannon 39 | . . 9 30 . Launcher . | . . . . . Special 3 | . . . 3 . Kinetic 106 | . 34 34 38 . Thermal 92 | . 34 25 33 . Explosive . | . . . . . Electromagnetic . | . . . . . Robot Hit Streak 9 | . 9 9 9 . Robot Miss Streak 4 | . 3 4 4 . Penetration Max . | . . . . . Secondary Targets 2 | . . 2 . . Max Gunslinging Chain 1 | . . 1 . . Shots Hit Robots 124 | . 42 33 49 . Core Hits 47 | . 12 17 18 . Critical Kills . | . . . . . Critical Parts Destroyed 2 | . . 1 1 . Critical Strikes 6 | . 2 3 1 . Burn 4 | . 2 2 . . Destroy 2 | . . 1 1 . Melee Attacks . | . . . . . Impact . | . . . . . Slashing . | . . . . . Piercing . | . . . . . Sneak Attacks . | . . . . . Combat Hostiles . | . . . . . Follow-up Attacks . | . . . . . Damage Inflicted 1813 | . 581 438 794 . Guns 1158 | . 581 336 241 . Cannons 577 | . . 102 475 . Explosions . | . . . . . Melee . | . . . . . Ramming . | . . . . . Kinetic 760 | . 327 192 241 . Thermal 1053 | . 254 246 553 . Explosive . | . . . . . Electromagnetic . | . . . . . Impact . | . . . . . Slashing . | . . . . . Piercing . | . . . . . Highest Corruption 2 | . 2 2 . . Average Corruption 2 | . 2 2 . . Corruption Purged . | . . . . . Corruption Blocked . | . . . . . Effects 10 | . . 10 . . Message Errors 2 | . . 2 . . Matter Fused 2 | . . 2 . . Heat Flow Errors 3 | . . 3 . . Energy Discharges 2 | . . 2 . . Misfires 1 | . . 1 . . Overload Shots . | . . . . . Overflow Damage 4 | . . 4 . . Projectiles 4 | . . 4 . . Explosions . | . . . . . Melee . | . . . . . Knockbacks . | . . . . . Impact . | . . . . . Kinetic . | . . . . . Secondary . | . . . . . Self-Inflicted Damage . | . . . . . Shots . | . . . . . Rammed 1 | . . . . 1 Targets Rammed 1 | . . . . 1 Kicked . | . . . . . Crushed . | . . . . . Highest Temperature 228 | . 228 223 165 . Average Temperature 67 | . 70 74 58 . Received Heat Transfer 590 | . 132 53 348 57 Siege Activations . | . . . . . Robots Corrupted . | . . . . . Combat Hostiles . | . . . . . Parts Fried . | . . . . . Impact Corruptions . | . . . . . Robots Melted . | . . . . . Combat Hostiles . | . . . . . Parts Melted 7 | . 5 2 . . Heat Transferred 2555 | . 851 740 964 . Parts Sabotaged . | . . . . . Parts Stolen . | . . . . . Parts Stripped . | . . . . . Power Chain Reactions . | . . . . . Missiles Intercepted . | . . . . . Alert | -11 -10 -10 -9 -9 ------- Run | Scr Mat Min Mat Sto Peak Influence 316 | . 316 290 302 90 Initial 62 | . . 62 33 . Average 145 | . 164 193 98 49 Maximum Alert Level 1 | . 1 1 1 . Low Security (%) 69 | 100 64 57 79 100 Level 1 30 | . 35 42 20 . Level 2 . | . . . . . Level 3 . | . . . . . Level 4 . | . . . . . Level 5 . | . . . . . High Security . | . . . . . Max Security . | . . . . . Squads Dispatched 3 | . 1 . 1 1 Investigation . | . . . . . Extermination . | . . . . . Reinforcement 3 | . 1 . 1 1 Assault . | . . . . . Garrison . | . . . . . Intercept . | . . . . . Searches Triggered . | . . . . . Construction Impeded . | . . . . . Haulers Reinforced . | . . . . . Active Scanning Responses . | . . . . . Cargo Convoy Interrupts . | . . . . . Stealth | -11 -10 -10 -9 -9 --------- Run | Scr Mat Min Mat Sto Distress Signals 5 | . 2 . 2 1 Communications Jammed . | . . . . . Distress Signals . | . . . . . Times Spotted 59 | . 15 14 18 12 Peak Tracking Total 8 | . 5 3 7 8 Tactical Retreats 4 | . 1 1 1 1 Traps | -11 -10 -10 -9 -9 ------- Run | Scr Mat Min Mat Sto Traps Triggered 2 | . 2 . . . Indirectly . | . . . . . Trap Hack Attempts . | . . . . . Triggered . | . . . . . Disarmed . | . . . . . Reprogrammed . | . . . . . Reused . | . . . . . Traps Extracted . | . . . . . Installed . | . . . . . Triggered 1 | . . 1 . . Machines | -11 -10 -10 -9 -9 ---------- Run | Scr Mat Min Mat Sto Machines Disabled . | . . . . . Max in Single Turn . | . . . . . Machines Sabotaged . | . . . . . Garrisons Compromised . | . . . . . Overloaded Fab Kills . | . . . . . Hacking | -11 -10 -10 -9 -9 --------- Run | Scr Mat Min Mat Sto Machines Accessed 11 | . 7 . 3 1 Terminals 11 | . 7 . 3 1 Fabricators . | . . . . . Repair Stations . | . . . . . Recycling Units . | . . . . . Scanalyzers . | . . . . . Garrison Access . | . . . . . Total Hacks 42 | . 28 . 13 1 Successful 25 | . 15 . 9 1 Failed 16 | . 13 . 3 . Catastrophic . | . . . . . Database Lockouts 1 | . . . 1 . Manual 23 | . 15 . 8 . Terminals 42 | . 28 . 13 1 Fabricators . | . . . . . Repair Stations . | . . . . . Recycling Units . | . . . . . Scanalyzers . | . . . . . Garrison Access . | . . . . . Terminal Hacks 18 | . 10 . 7 1 Record 1 | . 1 . . . Part Schematic 1 | . . . 1 . Robot Analysis 4 | . 3 . 1 . Prototype ID Bank 2 | . 1 . 1 . Open Door 1 | . . . . 1 Branch Access Points 1 | . 1 . . . Unreport Threat 2 | . . . 2 . Locate Traps 1 | . . . 1 . Surveillance Status 1 | . 1 . . . Registered Components 1 | . 1 . . . Zone Layout 3 | . 2 . 1 . Fabricator Hacks . | . . . . . Repair Station Hacks . | . . . . . Recycling Unit Hacks . | . . . . . Scanalyzer . | . . . . . Garrison Access Hacks . | . . . . . Unauthorized Hacks 7 | . 5 . 2 . Terminals 7 | . 5 . 2 . Botnet 7 | . 5 . 2 . Fabricators . | . . . . . Repair Stations . | . . . . . Recycling Units . | . . . . . Scanalyzers . | . . . . . Garrison Access . | . . . . . Data Cores Recovered . | . . . . . Used . | . . . . . Hacking Detections 10 | . 7 . 3 . Full Trace Events . | . . . . . Feedback Events . | . . . . . Feedback Blocked . | . . . . . Robot Schematics Acquired . | . . . . . Robots Built . | . . . . . Authchips . | . . . . . Time . | . . . . . Total Robot Build Rating . | . . . . . Part Schematics Acquired 1 | . . . 1 . Parts Built . | . . . . . Authchips . | . . . . . Time . | . . . . . Total Part Build Rating . | . . . . . Parts Repaired . | . . . . . Time . | . . . . . Parts Recycled . | . . . . . Recycled Matter . | . . . . . Retrieved Matter . | . . . . . Retrieved Components . | . . . . . Parts Scanalyzed . | . . . . . Part Schematics Acquired . | . . . . . Parts Damaged . | . . . . . Bothacking | -11 -10 -10 -9 -9 ------------ Run | Scr Mat Min Mat Sto Used RIF Installer . | . . . . . Robots Hacked . | . . . . . Non-combat . | . . . . . Combat . | . . . . . Robot Hacks Applied . | . . . . . Relay Couplers Released . | . . . . . Fabnet Peak Effective % . | . . . . . Robots Rewired . | . . . . . Allies Hacked . | . . . . . Hacks Repelled . | . . . . . Allies | -11 -10 -10 -9 -9 -------- Run | Scr Mat Min Mat Sto Total Allies 2 | . . 2 . . Largest Group 2 | . . 2 2 . Highest-Rated Group 38 | . . 38 38 . Highest-Rated Ally 31 | . . 31 31 . Total Orders . | . . . . . Ally Attacks 18 | . . 6 12 . Total Damage 313 | . . 106 207 . Kills 5 | . . 3 2 . Allies Corrupted . | . . . . . Allies Melted . | . . . . . Intel | -11 -10 -10 -9 -9 ------- Run | Scr Mat Min Mat Sto Robot Analysis Total 4 | . 3 . 1 . Derelict Logs Recovered 1 | . . 1 . . Drone Launches 2 | . . . . 2 Drone Recoveries 1 | . . . . 1 Exploration | -11 -10 -10 -9 -9 ------------- Run | Scr Mat Min Mat Sto Turns Passed 1422 | 32 458 469 367 96 Spaces Moved 1243 | 27 360 406 288 162 Core 188 | 3 . . 23 162 Treads . | . . . . . Legs 4 | . . . 4 . Wheels 1051 | 24 360 406 261 . Hover . | . . . . . Flight . | . . . . . Fastest Speed 50 | 50 90 85 50 50 Average Speed 82 | 85 90 87 81 53 Slowest Speed 120 | 90 105 90 120 100 Overloaded Moves . | . . . . . Propulsion Burnouts . | . . . . . Robots Hopped . | . . . . . Cave-ins Triggered . | . . . . . Exploration Rate (%) 45 | 5 63 93 28 36 Regions Visited 4 Branch Regions 2 Pre-discovered Areas . | . . . . . Known Exits Taken 2 | . 1 . 1 . Unknown Exits Taken 2 | 1 . 1 . . Scrap Searched 1 | . . 1 . . Spaces Dug . | . . . . . Terrain Destroyed . | . . . . . Melee . | . . . . . Projectile . | . . . . . AOE . | . . . . . Terrain Rammed . | . . . . . Walls Destroyed . | . . . . . Machines Disabled . | . . . . . Actions | -11 -10 -10 -9 -9 --------- Run | Scr Mat Min Mat Sto Total 1441 | 32 425 461 352 171 Wait 53 | . 22 13 12 6 Move 1239 | 26 359 405 287 162 Hop . | . . . . . Pick Up 14 | . 5 5 4 . Fast Attach 13 | 6 3 1 2 1 Attach 8 | . . 3 5 . Detach . | . . . . . Swap . | . . . . . Drop 8 | . 2 1 4 1 Fire 105 | . 34 33 38 . Melee . | . . . . . Ram 1 | . . . . 1 Kick . | . . . . . Crush . | . . . . . Escape Stasis . | . . . . . Rewire . | . . . . . Trap . | . . . . . Miscellaneous . | . . . . . Route ------- -11/Scrapyard -10/Materials (discovered 3 exits: *Mat x2 / *Min) -10/Mines (discovered 3 exits: *Mat x2 / [*Exi]) -9/Materials (discovered 2 exits: *Sto x2) -9/Storage History --------- Turn | Location | Event 16 | -11/Scrapyard | Discovered new exit (range 16) 33 | -11/Scrapyard | Entered Materials 69 | -10/Materials | Identified exit to Mines 194 | -10/Materials | Discovered new exit (range 16) 233 | -10/Materials | Discovered new exit (range 12) 304 | -10/Materials | Build established: Mutant 491 | -10/Materials | Entered Mines 561 | -10/Mines | Core integrity fell below 50% 609 | -10/Mines | Discovered new exit (range 8) 615 | -10/Mines | Discovered new exit (range 12) 621 | -10/Mines | Assembled infested the area 626 | -10/Mines | Assisted by a Guerilla fighting off Assembled 733 | -10/Mines | Deemed a non-threat by the Exiles lab entrance 733 | -10/Mines | Discovered new exit (range 5) 826 | -10/Mines | Learned Materials stockpile data 960 | -10/Mines | Entered Materials 960 | -9/Materials | Accompanied by 2 allies 960 | -9/Materials | Evolved 2 slots: Propulsion x2 965 | -9/Materials | Led the pair of lost Derelicts to an unsafe place 1013 | -9/Materials | Discovered new exit (range 10) 1161 | -9/Materials | Central database locked down 1244 | -9/Materials | Discovered new exit (range 15) 1309 | -9/Materials | Core integrity fell below 50% 1327 | -9/Materials | Identified exit to Storage 1327 | -9/Materials | Entered Storage 1345 | -9/Storage | Lost 10 parts (5n1u4w) 1409 | -9/Storage | Core integrity fell below 20% 1423 | -9/Storage | Destroyed by G-34 Mercenary with Small Laser Last Messages --------------- 01327_ EXIT=IDENTIFIED: STORAGE LOCATION=STORAGE GOAL=ESCAPE 01342_ K-01 Serf collects debris. 01347_ ALERT: Hostiles spotted, dispatching reinforcements to Terminal S011. 01349_ Slammed into A-02 Transporter. 01350_ K-01 Serf collects debris. 01374_ Connecting with Door Terminal... >>Open(Door) Sealed Heavy Doors opened. 01376_ Acquired Drone Bay. 01379_ Drone released from Drone Bay. 01388_ K-01 Serf collects debris. 01392_ Drone retrieved by Drone Bay. 01394_ K-01 Serf collects debris. 01395_ Dropped Drone Bay. 01395_ >> Lost connection to Drone. 01397_ Drone destroyed. 01417_ W-16 Scout sends out distress signal. Map ----- +----------------------------------------------------+ | #########+### # #??????????????????????? | | # # #??????????????????????? | | %+! # #??#####???????????????? | | ####+###### # # #? """"??????????????? | | #! # # # #? """"??????????????? | | # """ # " # # """"??????????????? | | " R" # ########### # """" #????????????? | | Y """ """ # # # + ! #????????????? | | " """ # / # # #????????????? | | # """ # # """""" # # #???????????? | | # # # "????" / #? ##???????????? | | # # # "????" # #?#"T"#####????????????? | | ########+## # """""" # #??"""#????????????????? | | ???????# # # #???###????????????????? | | ???????# # # #??????????????????????? | | ?????###+##+########### #??????????????????????? | | ?????# / = #??????# #??????????????????????? | | ?????# #??????# #??????????????????????? | | ?????# = = #??????# #??????????????????????? | | ?????# != #??????#uw #??????????????????????? | | ?????###########??????# #??????????????????????? | | ??????????????????????# #??????????????????????? | | ??????????????????????# g#??????????????????????? | | ??????????????????????# #??????????????????????? | | ??????????????????????# #??????????????????????? | | ??????????????????????# @#??????????????????????? | | ??????????????????????#g #??????????????????????? | | ??????????????????????# +??????????????????????? | | ??????????????????????# g #??????????????????????? | | ??????????????????????# #??????????????????????? | | ??????????????????????# #??????????????????????? | | ??????????????????????# #??????????????????????? | | ??????????????????????# a#??????????????????????? | | ??????????????????????#a #??????????????????????? | | ??????????????????????# #??????????????????????? | | ??????????????????????# #??????????????????????? | | ??????????????????????# ???????????????????????? | | ??????????????????????# ???????????????????????? | | ??????????????????????# ???????????????????????? | | ??????????????????????# au???????????????????????? | | ??????????????????????? ???????????????????????? | | ?????????????????????????????????????????????????? | | ?????????????????????????????????????????????????? | | ?????????????????????????????????????????????????? | | ?????????????????????????????????????????????????? | | ?????????????????????????????????????????????????? | | ?????????????????????????????????????????????????? | | ?????????????????????????????????????????????????? | | ?????????????????????????????????????????????????? | | ?????????????????????????????????????????????????? | +----------------------------------------------------+ Best States ------------- Heat Dissipation 28 Energy Generation 14 Energy Capacity 250 Matter Stores 300 Matter Capacity 300 Sight Range 16 Terrain Scan Density 10 Evasion (%) 50 Targeting Accuracy 5 Item Schematics ----------------- Med. Storage Unit | -9/Materials | Hacked Robot Schematics ------------------ None Fabricated ------------ Nothing Alien Tech Used ----------------- None Achievements -------------- None Challenges ------------ None Game ------ Seed CatalystMetafiberField Manual? 1 Play Time 00:19:03 Cumulative 309.2 hours Start 2022.08.10 @ 21:07:43 End 2022.08.11 @ 14:36:34 Sessions 2 Manual Loads 0 Difficulty Rogue Special Mode None Game No. 148 Rogue 144 Adventurer 0 Explorer 4 Win Type - Total 16 Types 4/0/2/4/1/2/3/0/0 Lore% 77 Gallery% 84 Achievement% 75 Wizard Run 0 Options --------- ASCII 0 Keyboard 0 Movement Mouse Keybinds 0 Fullscreen 1 Font 18/SmallcapsGlow Map View 76x50 Tactical HUD 1 Map Filters NONE Filters NONE Steam 1 RUN: 721b9b22-301f-4957-90d6-d93f6e045a44